 Dungeon Crawl Stone Soup version 0.19-a0-45-g2c295ea (webtiles) character file.

1282 Mefis the Magician (level 8, -1/43 HPs)
             Began as a Deep Elf Wizard on May 5, 2016.
             Was a Follower of Sif Muna.
             Slain by a hill giant
             ... wielding a +0 giant spiked club
              (44 damage)
             ... on level 6 of the Dungeon.
             The game lasted 00:34:33 (7793 turns).

Mefis the Magician (Deep Elf Wizard)                Turns: 7793, Time: 00:34:34

Health: -1/43      AC:  7    Str:  4    XL:     8   Next: 29%
Magic:  11/19      EV: 14    Int: 28    God:    Sif Muna [*.....]
Gold:   208        SH:  0    Dex: 17    Spells: 7 memorised, 4 levels left

rFire  . . .     SeeInvis .     F - +1 long sword "Ratat" {pain, *Rage Int+2 Dex+4}
rCold  . . .     Gourm    .     V - +0 leather armour
rNeg   . . .     Faith    .     (no shield)
rPois  +         Spirit   .     x - +0 helmet
rElec  .         Dismiss  .     (no cloak)
rCorr  .         Reflect  .     A - +0 pair of gloves
SustAt .         Harm     .     S - +1 pair of boots
MR     .....     Rnd*Rage +     (no amulet)
Stlth  +++.......               N - ring of wizardry
                                y - ring of poison resistance

@: very slightly contaminated, repel missiles, not resistant to hostile
enchantments, fairly stealthy
A: no striking features
a: Channel Energy, Renounce Religion


You were on level 6 of the Dungeon.
You worshipped Sif Muna.
Sif Muna was aware of your devotion.
You were hungry.

You visited 2 branches of the dungeon, and saw 7 of its levels.
You also visited: Ossuary.

You collected 395 gold pieces.
You spent 187 gold pieces at shops.

Inventory:

Hand Weapons
 k - a +1 vampiric short sword
 z - a +3 dagger
 F - the +1 long sword "Ratat" (weapon) {pain, *Rage Int+2 Dex+4}
   (You found it on level 4 of the Dungeon)

   In the hands of one skilled in necromantic magic, it inflicts extra damage on
   living creatures.
   It affects your intelligence (+2).
   It affects your dexterity (+4).
   It may make you go berserk in combat.
 I - a +0 short sword of speed
Missiles
 j - 64 arrows
 D - 5 tomahawks (quivered)
 J - 21 poisoned needles
Armour
 a - a +0 robe
 b - a +0 hat
 x - a +0 helmet (worn)
 A - a +0 pair of gloves (worn)
 S - a +1 pair of boots (worn)
 V - a +0 leather armour (worn)
Jewellery
 y - a ring of poison resistance (left hand)
 G - an uncursed ring of poison resistance
 N - a ring of wizardry (right hand)
Wands
 K - a wand of flame (18/48)
Scrolls
 e - 2 scrolls of teleportation
 f - a scroll of magic mapping
 i - 3 scrolls of immolation
 n - 2 scrolls of enchant armour
 o - a scroll of remove curse
 q - a scroll of blinking
 r - a scroll of amnesia {unknown}
 s - 2 scrolls of fear
 t - a scroll of enchant weapon {unknown}
 v - a scroll of random uselessness
 B - 3 scrolls of recharging
 C - a scroll of fog
 O - 3 scrolls of noise
Potions
 g - 3 potions of cancellation
 l - 10 potions of curing
 m - a potion of degeneration {unknown}
 p - 2 potions of haste {unknown}
 E - a potion of ambrosia {unknown}
 H - 3 potions of heal wounds {unknown}
 L - a potion of agility {unknown}
 M - a potion of might
 Q - 2 potions of magic
 R - 2 potions of flight
 T - 2 potions of resistance
 U - a potion of cure mutation {unknown}
Books
 c - a book of Minor Magic

   Spells                             Type                      Level
   a - Magic Dart                     Conjuration                  1
   b - Blink                          Translocation                2
   c - Call Imp                       Summoning                    2
   d - Repel Missiles                 Charms/Air                   2
   e - Slow                           Hexes                        2
   f - Conjure Flame                  Conjuration/Fire             3
   g - Mephitic Cloud                 Conjuration/Poison/Air       3
 h - a Necronomicon

   Spells                             Type                      Level
   a - Haunt                          Necromancy/Summoning         7
   b - Borgnjor's Revivification      Necromancy                   8
   c - Death's Door                   Charms/Necromancy            8
   d - Necromutation                  Transmutation/Necromancy     8
 P - a book of Summonings

   Spells                             Type                      Level
   a - Recall                         Summoning/Translocation      3
   b - Aura of Abjuration             Summoning                    5
   c - Summon Demon                   Summoning                    5
   d - Summon Forest                  Summoning/Translocation      5
   e - Summon Mana Viper              Hexes/Summoning              5
   f - Shadow Creatures               Summoning                    6
Comestibles
 d - a bread ration
 u - 2 beef jerkies
 w - 2 meat rations
 W - a slice of pizza


   Skills:
 - Level 1.0 Fighting
 - Level 2.2 Short Blades
 + Level 0.1(1.2) Long Blades
 + Level 0.4 Armour
 + Level 5.0 Dodging
 + Level 5.5 Stealth
 + Level 6.2 Spellcasting
 + Level 3.7 Conjurations
 + Level 2.9 Hexes
 + Level 3.3 Charms
 + Level 2.9 Summonings
 + Level 2.9 Translocations
 + Level 2.2 Fire Magic
 + Level 2.4 Poison Magic


You had 4 spell levels left.
You knew the following spells:

 Your Spells              Type           Power        Failure   Level  Hunger
a - Magic Dart            Conj           ####         1%          1    None
b - Call Imp              Summ           ####....     2%          2    None
c - Blink                 Tloc           N/A          3%          2    None
d - Repel Missiles        Chrm/Air       ###...       4%          2    None
e - Mephitic Cloud        Conj/Pois/Air  ###.....     6%          3    None
f - Conjure Flame         Conj/Fire      ####....     4%          3    None
g - Slow                  Hex            ###.....     3%          2    None


Dungeon Overview and Level Annotations

Branches:
Dungeon (6/15)             Temple (1/1) D:4

Altars:
Ashenzari
Cheibriados
Dithmenos
Fedhas
Kikubaaqudgha
Nemelex Xobeh
Pakellas
Qazlal
Ru
Sif Muna
Trog
Vehumet
Yredelemnul
The Shining One

Shops:
D:5 *

Annotations:
D:2 Robin


Message History

A hill giant comes into view. It is wielding a giant spiked club.
Found a scroll of identify.
Casting: Magic Dart
Confirm with . or Enter, or press ? or * to list all spells.
Aiming: Mephitic Cloud
Press: ? - help, Shift-Dir - straight line, f - hill giant
Aim: a hill giant, wielding a giant spiked club You miscast Mephitic Cloud.
You are very lightly contaminated with residual magic.
You feel slightly ill.
Casting: Mephitic Cloud
Confirm with . or Enter, or press ? or * to list all spells.
You blink.
Found a fuming inky potion, a scroll of magic mapping and a beef jerky.
Casting: Blink
Confirm with . or Enter, or press ? or * to list all spells.
You blink.
The hill giant hits you with a giant spiked club!!!
Ouch! That really hurt!
You die...

##########..........
##. .##.####.#.. #..
..#.# #.#.. #%#
###.#.# #.#..
#.#####.#.#.# #.#..
#.#?##.#..#.####.##.
#.. #.###.#.##...#..
#.####.#..#.........
#§C@#.###.####.###.#
##!#§#.#..####.###.#
########.#........#
#...)......#
####.#.###.# ...#.#
# ###.#.# #.#.#
#.#.#


You could see a hill giant.

Vanquished Creatures
  An ogre (D:4)
  2 centaurs
  2 elf zombies (Ossuary)
  A giant frog (D:6)
  2 centaur zombies (Ossuary)
  A hound (D:5)
  A human zombie (Ossuary)
  A gnoll shaman (D:5)
  3 orc priests
  2 iguanas
  A giant frog skeleton (D:4)
  7 orc wizards
  2 worker ants
  2 hound skeletons
  2 mummies (Ossuary)
  2 worker ant zombies
  6 gnolls
  6 adders
  3 shadow imps
  2 worms
  A dart slug (D:1)
  3 giant geckos
  19 orcs
  7 bats
  4 giant cockroaches
  7 goblins
  10 hobgoblins
  A quokka (D:2)
  3 ball pythons
  7 giant newts
  A goblin zombie (Ossuary)
  5 hobgoblin zombies (Ossuary)
  3 jackal zombies (Ossuary)
  4 kobolds
  8 kobold zombies (Ossuary)
  6 orc zombies (Ossuary)
  A quokka skeleton (D:4)
  6 rats
145 creatures vanquished.

Vanquished Creatures (collateral kills)
  2 hounds
  A gnoll (D:4)
  An ooze (D:4)
  A worm (D:4)
  3 orcs (D:3)
  3 goblins (D:1)
  A giant gecko skeleton (D:4)
  A rat (D:2)
  A rat zombie (Ossuary)
14 creatures vanquished.

Grand Total: 159 creatures vanquished

Notes
Turn   | Place    | Note
--------------------------------------------------------------
     0 | D:1      | Mefis the Deep Elf Wizard began the quest for the Orb.
     0 | D:1      | Reached XP level 1. HP: 10/10 MP: 7/7
   259 | D:1      | Reached XP level 2. HP: 7/15 MP: 1/9
   507 | D:1      | You fall through a shaft!
   517 | D:2      | Reached skill level 5 in Spellcasting
   721 | D:2      | Reached XP level 3. HP: 19/19 MP: 6/11
   725 | D:2      | Learned a level 2 spell: Call Imp
   728 | D:2      | Learned a level 2 spell: Blink
   731 | D:2      | Learned a level 2 spell: Repel Missiles
   830 | D:2      | Noticed Robin
  1559 | D:2      | Found a radiant altar of Vehumet.
  1578 | D:2      | Found a blossoming altar of Fedhas.
  2205 | D:3      | Reached XP level 4. HP: 20/24 MP: 8/13
  2216 | D:3      | Learned a level 3 spell: Mephitic Cloud
  2220 | D:3      | Learned a level 3 spell: Conjure Flame
  2374 | D:3      | Reached skill level 1 in Poison Magic
  2674 | D:3      | Reached XP level 5. HP: 24/28 MP: 5/14
  2698 | D:3      | Reached skill level 1 in Charms
  3053 | D:3      | Reached XP level 6. HP: 13/33 MP: 3/16
  3366 | D:3      | Learned a level 2 spell: Slow
  3770 | D:4      | Got a fine long sword
  3859 | D:4      | Reached skill level 1 in Fighting
  3996 | D:4      | Reached skill level 1 in Short Blades
  3996 | D:4      | Reached skill level 1 in Hexes
  4080 | D:4      | Found a staircase to the Ecumenical Temple.
  4093 | Temple   | Entered the Ecumenical Temple
  4186 | Temple   | Became a worshipper of Sif Muna the Loreminder
  4219 | D:4      | Reached skill level 1 in Fire Magic
  4443 | D:4      | Reached XP level 7. HP: 32/38 MP: 0/17
  4790 | D:5      | Entered Level 5 of the Dungeon
  4990 | D:5      | Found Ipi Uhoh's Assorted Antiques.
  5108 | D:5      | Found a sand-covered staircase.
  5117 | Ossuary  | Entered an ossuary
  5130 | Ossuary  | Identified the cursed +1 long sword "Ratat" {pain, *Rage Int+2 Dex+4} (You found it on level 4 of the Dungeon)
  6244 | D:5      | Bought a pair of embroidered boots for 81 gold pieces
  6244 | D:5      | Bought a scroll of identify for 36 gold pieces
  6244 | D:5      | Bought a lumpy yellow potion for 16 gold pieces
  6244 | D:5      | Bought a potion of curing for 54 gold pieces
  6308 | D:5      | Reached * piety under Sif Muna
  6604 | D:5      | Reached skill level 5 in Stealth
  7095 | D:5      | Reached skill level 6 in Spellcasting
  7095 | D:5      | Reached XP level 8. HP: 43/43 MP: 13/19
  7410 | D:6      | Reached skill level 5 in Dodging
  7790 | D:6      | Noticed a hill giant
  7793 | D:6      | Slain by a hill giant

Vault maps used:
D:1:      evilmike_arrival_crescent
D:2:      fiery_altar_vehumet, st_stairs_9, minmay_bad_closet, fedhas_altar_1,
          uniq_robin
D:3:      st_stairs_11, minmay_cupped
D:4:      minmay_temple_entry_overgrown
D:5:      nicolae_ossuary_entry_monument, serial_shops, nicolae_shop_crystal,
          first_bread, st_stairs_13
D:6:      kennysheep_little_box, minmay_small_thing, uniq_sigmund
Temple:   circular_temple_12
Ossuary:  ossuary_tomb_1

Skill      XL: |  1  2  3  4  5  6  7  8 |
---------------+-------------------------+-----
Spellcasting   | 5 6 |  6.2
Dodging        | 3 4 5 |  5.0
Stealth        | 3 4 5 |  5.5
Conjurations   | 2 3 |  3.7
Poison Magic   | 1 2 |  2.4
Charms         | 2 3 |  3.3
Fighting       | 1 |  1.0
Translocations | 2 |  2.9
Short Blades   | 1 2 |  2.2
Hexes          | 1 2 |  2.9
Fire Magic     | 1 2 |  2.2
Summonings     | 2 |  2.9
Long Blades    | |  0.1
Armour         | |  0.4

Action                   |  1- 3 |  4- 6 |  7- 9 || total
-------------------------+-------+-------+-------++-------
Melee: Short sword       |    32 |   132 |     8 ||   172
       Dagger            |     1 |       |       ||     1
       Long sword        |       |       |    52 ||    52
 Cast: Magic Dart        |    73 |    93 |   186 ||   352
       Call Imp          |     4 |     8 |    17 ||    29
       Blink             |     1 |     2 |     2 ||     5
       Mephitic Cloud    |       |    15 |     7 ||    22
       Conjure Flame     |       |     1 |     1 ||     2
       Repel Missiles    |       |     1 |       ||     1
  Use: Scroll            |       |       |    18 ||    18
 Stab: Sleeping          |     4 |     4 |     5 ||    13
       Confused          |       |     9 |     5 ||    14
  Eat: Chunk             |     4 |     7 |     7 ||    18
       Bread ration      |     1 |       |     1 ||     2
Armor: Robe              |    14 |    13 |    18 ||    45
       Leather armour    |       |       |     9 ||     9
Dodge: Dodged            |    55 |    82 |    98 ||   235
